 Dungeon Crawl Stone Soup version 0.24.0 (webtiles) character file.

Game seed: 16347057038379067303, levelgen mode: deterministic

54112 Ponchio the Fighter (level 14, -4/92 HPs)
             Began as a Gargoyle Fighter on Oct 25, 2019.
             Was the Champion of the Shining One.
             Killed by divine providence
             ... invoked by Saint Roka
              (11 damage)
             ... on level 1 of the Orcish Mines.
             The game lasted 01:22:50 (21552 turns).

Ponchio the Fighter (Gargoyle Fighter)             Turns: 21552, Time: 01:22:50

Health: -4/92      AC: 22    Str: 24    XL:     14   Next: 71%
Magic:  21/21      EV: 24    Int:  8    God:    the Shining One [******]
Gold:   1890       SH: 18    Dex: 18    Spells: 13/13 levels left

rFire    + . .     SeeInvis .   G - +6 flail (venom)
rCold    . . .     Gourm    .   c - +1 shield
rNeg     + + +     Faith    .   x - +0 ring mail
rPois    ∞         Spirit   .   e - +2 hat
rElec    +         Reflect  .   N - +0 cloak
rCorr    .         Harm     .   (no gloves)
MR       +....                  K - +0 pair of boots
Stlth    +.........             S - amulet of the acrobat
HPRegen  0.25/turn              F - ring "Dytoeha" {Str+2 Stlth-}
MPRegen  0.17/turn              O - ring of protection from fire

@: agile, about to teleport, flying, hasted, glowing, very quick
A: big wings, large bone plates 1, mutation resistance 1, negative energy
resistance 1, electricity resistance, unbreathing, petrification resistance, rot
immunity, AC +10
a: Stop Flying, Divine Shield, Cleansing Flame, Summon Divine Warrior, Brand
Weapon With Holy Wrath, Renounce Religion


You were on level 1 of the Orcish Mines.
You worshipped the Shining One.
The Shining One was exalted by your worship.
You were not hungry.

You visited 4 branches of the dungeon, and saw 20 of its levels.

You collected 1890 gold pieces.

Inventory:

Hand Weapons
 a - a +0 flail
 u - the +7 great sword of Valour {holy, Str+4}
   (You found it on level 5 of the Lair of Beasts)

   It has been blessed by the Shining One to cause great damage to the undead
   and demons.
   It affects your strength (+4).
 G - a +6 flail of venom (weapon)
 T - the +0 sword of Power
   (You found it on level 6 of the Lair of Beasts)
Armour
 c - a +1 shield (worn)
 e - a +2 hat (worn)
 i - the +1 leather armour of Least Resistance {Int+7}
   (You found it on level 5 of the Lair of Beasts)

   It affects your intelligence (+7).
 x - a +0 ring mail (worn)
 K - a +0 pair of boots (worn)
 N - a +0 cloak (worn)
Jewellery
 n - an uncursed ring of stealth
 F - the ring "Dytoeha" (left hand) {Str+2 Stlth-}
   (You found it on level 4 of the Dungeon)

   [ring of attention]

   It affects your strength (+2).
   It makes you less stealthy.
 H - a +2 ring of evasion
 I - an uncursed ring of protection from magic
 O - a ring of protection from fire (right hand)
 P - a -3 ring of intelligence
 Q - an uncursed ring of flight
 S - an amulet of the acrobat (around neck)
 U - an uncursed ring of protection from magic
Wands
 j - a wand of disintegration (28)
 y - a wand of flame (29)
 B - a wand of polymorph (17)
 D - a wand of digging (8)
 L - a wand of enslavement (9)
Scrolls
 g - 9 scrolls of remove curse
 h - 4 scrolls of identify
 l - 5 scrolls of magic mapping
 o - 10 scrolls of enchant weapon
 p - 7 scrolls of teleportation
 s - 5 scrolls of amnesia
 w - 7 scrolls of enchant armour
 J - a scroll of fog
Potions
 b - 3 potions of berserk rage
 d - 3 potions of might
 k - 4 potions of ambrosia
 m - 5 potions of haste
 q - 3 potions of magic
 r - 4 potions of flight
 t - 3 potions of invisibility
 v - a potion of cancellation {unknown}
 z - a potion of heal wounds
 A - 2 potions of curing
 C - 3 potions of lignification
 E - 7 potions of agility
Comestibles
 f - 32 rations


   Skills:
 + Level 12.2 Fighting
 + Level 11.7 Maces & Flails
 - Level 9.5 Armour
 + Level 11.4 Dodging
 + Level 10.1 Shields
 + Level 9.7 Invocations


You had 13 spell levels left.
You didn't know any spells.
Your spell library contained the following spells:

 Spells                   Type           Power        Failure   Level  Hunger
 Confusing Touch          Hex            #.....       75%         1    ##.....
 Confuse                  Hex            #.......     98%         3    ####...
 Gell's Gravitas          Tloc           #.........   98%         3    ####...
 Recall                   Summ/Tloc      N/A          98%         3    ####...
 Petrify                  Tmut/Erth      #.......     100%        4    #####..
 Aura of Abjuration       Summ           #.........   100%        5    ######.
 Metabolic Englaciation   Hex/Ice        #.........   100%        5    ######.
 Summon Demon             Summ           #.........   100%        5    ######.
 Summon Forest            Summ/Tloc      #.........   100%        5    ######.
 Summon Mana Viper        Hex/Summ       #.......     100%        5    ######.
 Yara's Violent Unravell  Hex/Tmut       #.........   100%        5    ######.
 Shadow Creatures         Summ           N/A          100%        6    #######


Dungeon Overview and Level Annotations

Branches:
Dungeon (11/15)            Temple (1/1) D:5            Lair (6/6) D:9
 Shoals (0/4) Lair:4       Spider (0/4) Lair:2        Slime (0/5) Lair:5
    Orc (2/2) D:11            Elf (0/3) Orc:2

Altars:
Ashenzari
Cheibriados
Dithmenos
Elyvilon
Fedhas
Gozag
Hepliaklqana
Kikubaaqudgha
Makhleb
Nemelex Xobeh
Okawaru
Qazlal
Ru
Sif Muna
Trog
Uskayaw
Vehumet
Wu Jian
Xom
Yredelemnul
Zin
The Shining One
Beogh
Jiyva

Shops:
D:8 %   Orc:2 =

Annotations:
Lair:5 3 runed translucent doors, Luam's ghost, journeyman OpFi; Zimaveycw's ghost, journeyman OpFi; yogakurto's ghost, journeyman TrTm
Orc:1 Saint Roka


Innate Abilities, Weirdness & Mutations

You are resistant to torment.
Your stone body is resilient. (AC +10)
You are immune to poison.
Your large and strong wings let you fly indefinitely.
You resist negative energy. (rN+)
You are resistant to electric shocks. (rElec)
You can survive without breathing.
You are immune to petrification.
You are immune to rotting.
You are partially covered in large bone plates. (SH +4)
You are somewhat resistant to further mutation.


Message History

Saint Roka is almost dead.
Saint Roka calls down the wrath of Beogh upon you.
Beogh smites you!
* * * LOW HITPOINT WARNING * * *
You hit Saint Roka.
Saint Roka looks as sick as possible!
Saint Roka is almost dead.
You feel better.
Saint Roka calls down the wrath of Beogh upon you.
Beogh smites you!
* * * LOW HITPOINT WARNING * * *
You hit Saint Roka.
Saint Roka looks as sick as possible!
Saint Roka is almost dead.
Saint Roka calls down the wrath of Beogh upon you.
Beogh smites you!
* * * LOW HITPOINT WARNING * * *
As you read the scroll of teleportation, it crumbles to dust.
You feel strangely unstable.
Saint Roka calls down the wrath of Beogh upon you.
Beogh smites you!
You die...

# #.#.....##....#.#...#..#..#..#
##.#.#.......#.#.#..#.........#
#.###..................#..#...#
##).##..#.........#......).#..##
##>...#.........................#
#≈....#.........................#
≈≈...##...............#..))#.#.##
≈#.####....................######
#### #..........@........)....#.#
##.#.......>................
##.........o...............#
#...................).......
##.....................##...
##................))..##..#
##.#.#...................#
#####.......#........#.##
##................##


You could see Saint Roka.

Vanquished Creatures
  Erolcha (Orc:1)
  A merfolk avatar (Lair:6)
  4 hydras
  2 two-headed ogres
  5 death yaks (Lair:2)
  Urug (D:10)
  2 orc high priests
  A sea snake (Lair:6)
  An unseen horror (D:11)
  A harpy (Lair:6)
  5 lindwurms (Lair:5)
  5 orc knights
  2 orc sorcerers
  A manticore (Lair:6)
  A centaur zombie (D:10)
  A cyclops (D:11)
  5 elephants (Lair:6)
  9 black mambas
  2 rime drakes (Lair:6)
  6 spiny frogs
  6 komodo dragons
  2 trolls
  6 polar bears
  A hornet (Lair:6)
  A wind drake (Lair:6)
  15 blink frogs
  9 hippogriffs
  Prince Ribbit (Lair:1)
  32 yaks
  A shadow (D:11)
  A hungry ghost (D:9)
  3 vampire mosquitoes (D:8)
  5 wargs
  Edmund (D:5)
  14 two-headed ogre zombies (Orc:1)
  11 porcupines
  15 water moccasins
  2 ice beasts
  A sky beast (D:6)
  31 orc warriors
  2 phantoms
  A black bear (D:6)
  A necrophage (D:11)
  10 wolves
  8 centaurs
  15 crocodiles
  8 ogres
  A big kobold (D:8)
  20 bullfrogs
  5 scorpions
  8 killer bees
  9 wights
  5 electric eels
  2 howler monkeys
  4 crimson imps
  3 jellies
  A bullfrog zombie (D:9)
  5 hounds
  A gnoll shaman (D:6)
  15 orc priests
  2 bullfrog skeletons
  A centaur skeleton (D:10)
  5 iguanas
  15 orc wizards
  5 worker ants
  2 hound zombies
  4 hound skeletons
  A mummy (D:4)
  4 gnolls (D:6)
  2 howler monkey skeletons (D:4)
  6 adders
  A shadow imp (D:10)
  3 adder zombies
  4 worms
  2 dart slugs
  4 leopard geckos
  83 orcs
  2 ball pythons
  8 bats
  8 giant cockroaches
  9 goblins
  5 hobgoblins
  20 jackals
  6 kobolds
  6 quokkas
  8 frilled lizards
  3 hobgoblin zombies (D:4)
  A jackal skeleton (D:6)
  An orc zombie (D:4)
  2 quokka skeletons (D:4)
  9 rats
  A fungus (Lair:2)
571 creatures vanquished.

Vanquished Creatures (others)
  An orc (Orc:2)
  13 fungi
  13 plants (Lair:6)
27 creatures vanquished.

Grand Total: 598 creatures vanquished

Notes
Turn   | Place    | Note
-------+----------+-------------------------------------------
     0 | D:1      | Ponchio the Gargoyle Fighter began the quest for the Orb.
     0 | D:1      | Reached XP level 1. HP: 14/14 MP: 1/1
    91 | D:1      | Reached XP level 2. HP: 18/19 MP: 2/2
   434 | D:1      | Reached XP level 3. HP: 24/24 MP: 3/3
   447 | D:1      | Reached skill level 4 in Fighting
   891 | D:2      | Reached XP level 4. HP: 22/30 MP: 4/4
  1308 | D:2      | Found an opulent altar of Gozag.
  1832 | D:3      | Reached XP level 5. HP: 33/34 MP: 5/5
  1885 | D:3      | Reached skill level 5 in Fighting
  2798 | D:4      | Reached XP level 6. HP: 34/40 MP: 6/6
  2948 | D:4      | Got a clouded iron ring
  3006 | D:5      | Entered Level 5 of the Dungeon
  3049 | D:5      | Identified the ring "Dytoeha" {Str+2 Stlth-} (You found it
                  | on level 4 of the Dungeon)
  3110 | D:5      | Found a staircase to the Ecumenical Temple.
  3173 | Temple   | Entered the Ecumenical Temple
  3504 | Temple   | Became a worshipper of the Shining One
  3579 | D:5      | Noticed an ice beast
  3592 | D:5      | Killed an ice beast
  3592 | D:5      | Reached skill level 6 in Fighting
  3592 | D:5      | Reached skill level 5 in Maces & Flails
  3600 | D:5      | Noticed Edmund
  3637 | D:5      | Killed Edmund
  3637 | D:5      | Reached XP level 7. HP: 19/47 MP: 7/7
  3875 | D:5      | Reached skill level 7 in Fighting
  4323 | D:5      | Reached XP level 8. HP: 23/54 MP: 8/8
  4780 | D:5      | Reached * piety under the Shining One
  4967 | D:6      | Reached skill level 8 in Fighting
  5237 | D:6      | Reached skill level 1 in Dodging
  5261 | D:6      | Found a white marble altar of Elyvilon.
  5359 | D:6      | Reached XP level 9. HP: 60/60 MP: 9/9
  5896 | D:7      | Gained mutation: You are partially covered in large bone
                  | plates. (SH +4) [potion of mutation]
  5896 | D:7      | Gained mutation: You are somewhat resistant to further
                  | mutation. [potion of mutation]
  6031 | D:8      | Reached ** piety under the Shining One
  6039 | D:8      | Reached skill level 5 in Armour
  6039 | D:8      | Reached skill level 5 in Shields
  6179 | D:8      | Reached XP level 10. HP: 65/65 MP: 10/10
  6384 | D:8      | Reached skill level 5 in Dodging
  6445 | D:8      | Found Yloe's Food Shop.
  6735 | D:9      | Found a glowing golden altar of the Shining One.
  6754 | D:9      | Found a staircase to the Lair.
  6947 | D:9      | Reached *** piety under the Shining One
  7260 | Lair:1   | Entered Level 1 of the Lair of Beasts
  7339 | Lair:1   | Noticed a black mamba
  7355 | Lair:1   | Killed a black mamba
  8446 | Lair:2   | Noticed a death yak
  8447 | Lair:2   | Noticed a death yak
  8447 | Lair:2   | Noticed a death yak
  8463 | Lair:2   | Killed a death yak
  8463 | Lair:2   | Noticed a death yak
  8510 | Lair:2   | Killed a death yak
  8510 | Lair:2   | Reached XP level 11. HP: 19/69 MP: 11/11
  8684 | Lair:2   | Noticed Prince Ribbit
  9173 | Lair:1   | Killed Prince Ribbit
  9449 | Lair:2   | Noticed a death yak
  9485 | Lair:2   | Killed a death yak
  9485 | Lair:2   | Reached skill level 1 in Invocations
  9488 | Lair:2   | Killed a death yak
  9501 | Lair:2   | Killed a death yak
 10025 | Lair:2   | Found a hole to the Spider Nest.
 10025 | Lair:2   | Noticed an orb spider
 10580 | Lair:3   | Reached **** piety under the Shining One
 10588 | Lair:3   | Reached XP level 12. HP: 41/75 MP: 14/14
 10597 | Lair:3   | Noticed a four-headed hydra
 10808 | Lair:1   | Killed a four-headed hydra
 11567 | Lair:3   | Reached skill level 9 in Fighting
 12070 | Lair:4   | Found a staircase to the Shoals.
 12193 | Lair:4   | Noticed a six-headed hydra
 12292 | Lair:4   | Reached skill level 5 in Invocations
 12372 | Lair:4   | Killed a six-headed hydra
 12908 | Lair:5   | Found a viscous altar of Jiyva.
 12910 | Lair:5   | Found a staircase to the Slime Pits.
 13065 | Lair:5   | Found a runed translucent gate.
 13065 | Lair:5   | Found a runed translucent gate.
 13065 | Lair:5   | Found a runed translucent gate.
 13065 | Lair:5   | Noticed Zimaveycw's ghost (journeyman OpFi)
 13065 | Lair:5   | Noticed Luam's ghost (journeyman OpFi)
 13066 | Lair:5   | Noticed yogakurto's ghost (journeyman TrTm)
 13068 | Lair:5   | Found the +6 lightning scales {run, rElec}
 13242 | Lair:5   | Reached skill level 10 in Dodging
 13702 | Lair:6   | Entered Level 6 of the Lair of Beasts
 13704 | Lair:6   | Noticed a five-headed hydra
 13718 | Lair:5   | Killed a five-headed hydra
 13718 | Lair:5   | Reached skill level 10 in Fighting
 13971 | Lair:6   | Reached XP level 13. HP: 67/82 MP: 17/17
 14218 | Lair:5   | Reached skill level 10 in Maces & Flails
 14790 | Lair:6   | Reached ***** piety under the Shining One
 15167 | Lair:6   | Reached skill level 11 in Fighting
 15589 | Lair:6   | Found the +0 sword of Power
 15963 | Lair:6   | Identified a scroll of acquirement
 16198 | D:10     | Entered Level 10 of the Dungeon
 16468 | Lair:5   | Got a scorched leather armour
 16479 | Lair:5   | Identified the cursed +1 leather armour of Least Resistance
                  | {Int+7} (You found it on level 5 of the Lair of Beasts)
 16494 | Lair:5   | Got a translucent great sword
 16495 | Lair:5   | Identified the +7 great sword of Valour {holy, Str+4} (You
                  | found it on level 5 of the Lair of Beasts)
 16640 | D:10     | Gained mutation: Your large and strong wings let you fly
                  | indefinitely. [Gargoyle growth]
 16640 | D:10     | Reached XP level 14. HP: 90/90 MP: 20/20
 16754 | D:10     | Noticed Urug
 16770 | D:10     | Killed Urug
 17406 | D:11     | Found a staircase to the Orcish Mines.
 17785 | Orc:1    | Entered Level 1 of the Orcish Mines
 18861 | Orc:1    | Found a roughly hewn altar of Beogh.
 19325 | Orc:1    | Reached skill level 12 in Fighting
 19340 | Orc:1    | Reached ****** piety under the Shining One
 19342 | Orc:1    | Noticed Erolcha
 19355 | Orc:1    | Killed Erolcha
 19590 | Orc:2    | Entered Level 2 of the Orcish Mines
 19590 | Orc:2    | Found a staircase to the Elven Halls.
 19752 | Orc:2    | Found a roughly hewn altar of Beogh.
 19890 | Orc:2    | Reached skill level 10 in Shields
 19902 | Orc:2    | Found a roughly hewn altar of Beogh.
 19962 | Orc:2    | Found a roughly hewn altar of Beogh.
 19963 | Orc:2    | Found Naog's Jewellery Emporium.
 20691 | Orc:2    | Noticed Saint Roka
 21552 | Orc:1    | Killed from afar by Saint Roka

Levels and vault maps discovered:
D:1:      lightli_arrival_farm, layout_loops_ring
D:2:      layout_loops_ring, grunt_gozag_statues, minmay_domino_4
D:3:      minmay_general_purpose_star, layout_loops_ring, first_ration
D:4:      layout_gridville, minmay_mini_ossuary
D:5:      minmay_clustersquares, layout_basic, temple_fountains, uniq_edmund
D:6:      layout_gridville, elyvilon_altar_4
D:7:      layout_rooms
D:8:      layout_gridville, serial_shops, nicolae_shop_behind_doors,
          blue_anna_alchemist [blue_anna_fruit_fields, blue_anna_fruit_fields]
D:9:      layout_small_grid, lair_entry_dummy, basic_altar, st_stairs_10,
          palyth_stone_intersect
D:10:     layout_irregular_city, corexii_leaking_fountain, uniq_urug
D:11:     layout_cross, erik_orc_4, chequers_big_river, minmay_diced_spiral
Temple:   roderic_octagonal_lattice_temple
Lair:1:   layout_small_grid, infiniplex_staircase_pool
Lair:2:   layout_gridlike, nicolae_spider_entry_orb_guardian,
          grunt_megastairs_3, uniq_prince_ribbit2
Lair:3:   layout_regular_city, st_stairs_10, serial_bayou_shore_a
Lair:4:   layout_roguey, minmay_shoals_entry_centaurs
Lair:5:   layout_hall_layers, slime_altar_1, gammafunk_ghost_cemetery,
          minmay_lindwurm_lava
Lair:6:   gammafunk_lair_ancient_temple, layout_loops_ring
Orc:1:    lemuel_ogre_cave, layout_caves, special_room [special_room_orc]
Orc:2:    grunt_orc_community_town_hall, layout_diamond_mine,
          grunt_orc_community_big_house_1, grunt_orc_community_big_house_1,
          grunt_orc_community_house_2, grunt_orc_community_house_3,
          grunt_orc_community_house_1, grunt_orc_community_house_1,
          grunt_orc_community_house_2
